 Dungeon Crawl Stone Soup version 0.19-a0-1097-g38e3b35 (webtiles) character file.

280 4thArraOfDagon the Ruffian (level 6, 0/54 HPs)
             Began as a Troll Arcane Marksman on Aug 8, 2016.
             Was a Follower of Sif Muna.
             Killed from afar by an orc wizard (1 damage)
             ... with a magic dart
             ... on level 6 of the Dungeon.
             The game lasted 00:03:10 (627 turns).

4thArraOfDagon the Ruffian (Troll Arcane Marksman)   Turns: 627, Time: 00:03:11

Health: 0/54       AC:  5    Str: 20    XL:     6   Next: 5%
Magic:  6/6        EV: 10    Int: 11    God:    Sif Muna [*.....]
Gold:   76         SH:  0    Dex:  9    Spells: 1 memorised, 6 levels left

rFire  . . .     SeeInvis .       - Unarmed
rCold  . . .     Gourm    +     a - +0 robe
rNeg   . . .     Faith    .     (no shield)
rPois  .         Spirit   .     (helmet restricted)
rElec  .         Dismiss  .     (no cloak)
rCorr  .         Reflect  .     (gloves unavailable)
SustAt .         Harm     .     (boots unavailable)
MR     .....                    l - amulet of magic regeneration (curse)
Stlth  +.........               (no ring)
                                (no ring)

@: flying, divine energy
A: unfitting armour, claws 3, fast metabolism 3, gourmand, regeneration 2,
shaggy fur 1, tough skin 2
a: Stop Divine Energy, Renounce Religion


You were on level 6 of the Dungeon.
You worshipped Sif Muna.
Sif Muna was aware of your devotion.
You were very full.

You visited 1 branch of the dungeon, and saw 8 of its levels.

You collected 76 gold pieces.

Inventory:

Missiles
 c - 4 large rocks (quivered)
 d - 2 throwing nets
Armour
 a - a +0 robe (worn)
Jewellery
 l - a cursed amulet of magic regeneration (around neck)
Scrolls
 g - a scroll of fog {unknown}
 i - a scroll of identify {unknown}
 j - 2 scrolls of magic mapping {unknown}
 m - a scroll of blinking {unknown}
Potions
 e - a potion of might
Books
 b - a book of Debilitation

   Spells                             Type                      Level
   a - Corona                         Hexes                        1
   b - Slow                           Hexes                        2
   c - Gell's Gravitas                Hexes/Translocation          3
   d - Inner Flame                    Hexes/Fire                   3
   e - Cause Fear                     Hexes                        4
   f - Leda's Liquefaction            Hexes/Earth                  4
Comestibles
 f - 3 bread rations
 h - 2 fruits
 n - a beef jerky


   Skills:
 - Level 0.7 Fighting
 - Level 1.7 Throwing
 - Level 1.5 Dodging
 * Level 6.0 Unarmed Combat
 - Level 1.0 Spellcasting
 - Level 2.0 Hexes


You had 6 spell levels left.
You knew the following spells:

 Your Spells              Type           Power        Failure   Level  Hunger
a - Corona                Hex            #......      17%         1    ##.....


Dungeon Overview and Level Annotations

Branches:
Dungeon (8/15)
 Temple: D:4-7         Lair: D:8-11

Altars:
Sif Muna
Xom
Zin

Shops:
D:7 [

Annotations:
D:4 Eustachio


Innate Abilities, Weirdness & Mutations

You are too large for most types of armour.
You have claws for hands.
Your metabolism is lightning-fast.
You like to eat raw meat.
You heal very quickly.
You are covered in fur. (AC +1)
You have very tough skin. (AC +2)


Message History

* * * LOW HITPOINT WARNING * * *
Things that are here:
a war axe; a chain mail; a club The orc wizard hits you but does no damage.
Items here: )) [[ † a dagger; a robe; a dagger; a leather armour; an orc corpse Unknown command.
Unknown command.
You barely miss the orc wizard.
The orc wizard points at you and mumbles some strange words.
The magic dart hits you!
* * * LOW HITPOINT WARNING * * *
Unknown command.
It was a potion of flight.
You feel very buoyant.
You fly up into the air.
The orc wizard hits you with a dagger.
* * * LOW HITPOINT WARNING * * *
The orc wizard gestures at you while chanting.
The magic dart hits you!
You die...

..# ###..#
#>...# #.#.##
#.# # #.#.# #
#.#.#####
#.####........
#..o@.....5.##
#..########...
#.. .. #.. #..
#.. #.. #..


You could see an orc wizard and a crimson imp.

Vanquished Creatures
  A giant frog (D:8)
  A crimson imp (D:5)
  An orc priest (D:6)
  An iguana (D:4)
  2 orc wizards
  2 adders (D:3)
  An ooze (D:2)
  A worm (D:2)
  2 giant geckos
  14 orcs
  2 giant cockroaches
  A hobgoblin (D:3)
  2 jackals (D:4)
  2 quokkas
  2 bats
  3 giant newts (D:3)
  A kobold (D:3)
  A rat (D:1)
40 creatures vanquished.

Notes
Turn   | Place    | Note
-------+----------+-------------------------------------------
     0 | D:1      | 4thArraOfDagon the Troll Arcane Marksman began the quest for the Orb.
     0 | D:1      | Reached XP level 1. HP: 18/18 MP: 1/1
    33 | D:2      | Found a glowing silver altar of Zin.
    37 | D:2      | Reached skill level 1 in Unarmed Combat
    78 | D:2      | Reached XP level 2. HP: 26/26 MP: 2/2
    93 | D:2      | Reached skill level 2 in Unarmed Combat
   153 | D:3      | Reached skill level 3 in Unarmed Combat
   153 | D:3      | Reached XP level 3. HP: 9/32 MP: 3/3
   186 | D:3      | Found a faded altar of an unknown god.
   195 | D:3      | Became a worshipper of Sif Muna the Loreminder
   195 | D:3      | Reached * piety under Sif Muna
   206 | D:4      | Reached XP level 4. HP: 31/40 MP: 4/4
   247 | D:3      | Reached skill level 4 in Unarmed Combat
   446 | D:5      | Entered Level 5 of the Dungeon
   446 | D:5      | Noticed Eustachio
   524 | D:5      | Reached XP level 5. HP: 46/46 MP: 5/5
   531 | D:5      | Found a shimmering altar of Xom.
   535 | D:5      | Found a shimmering altar of Xom.
   537 | D:5      | Found a shimmering altar of Xom.
   540 | D:5      | Found a shimmering altar of Xom.
   544 | D:5      | You fall through a shaft for 3 floors!
   545 | D:8      | WTF
   568 | D:8      | Reached skill level 5 in Unarmed Combat
   576 | D:7      | Found Cewoarinia's Armour Shoppe.
   623 | D:6      | Reached skill level 6 in Unarmed Combat
   623 | D:6      | Reached XP level 6. HP: 17/54 MP: 6/6
   626 | D:6      | HP: 2/54 [orc wizard/magic dart (8)]
   627 | D:6      | Killed from afar by an orc wizard

Vault maps used:
D:1:      dpeg_arrival_boxorama
D:2:      zin_scriptorium, gammafunk_temple_overflow_pools, first_bread,
          corexii_hall_statues_i
D:3:      overflow_temple_1_default, ecumenical_altar_1, st_stairs_6,
          tso_metal_star, uniq_sigmund, uniq_terence
D:4:      serial_shops, nicolae_shop_waterfront
D:5:      basic_altar, xom_redecorated, uniq_eustachio, uniq_menkaure
D:7:      lemuel_coloured_pillars_altar, fedhas_bush_and_centaur_altar,
          grunt_temple_overflow_open, serial_shops, shop
D:8:      vehumet_crystals

Skill      XL: |  1  2  3  4  5 |
---------------+----------------+-----
Unarmed Combat | 1 3 4 6 |  6.0
Fighting       | |  0.7
Throwing       | |  1.7
Dodging        | |  1.5
Spellcasting   | |  1.0
Hexes          | |  2.0

Action                   |  1- 3 |  4- 6 || total
-------------------------+-------+-------++-------
Melee: Unarmed           |    62 |   105 ||   167
       Punch             |     2 |     3 ||     5
Invok: Divine Energy     |       |     2 ||     2
       Stop Divine Energ |       |     1 ||     1
  Use: Potion            |     1 |     1 ||     2
  Eat: Chunk             |     4 |     6 ||    10
Armor: Robe              |    23 |    32 ||    55
Dodge: Dodged            |    40 |    46 ||    86
